 Dungeon Crawl Stone Soup version 0.25-a0-184-gcd15a05269 (webtiles) character file.

Game seed: 9070592662531650272, levelgen mode: deterministic

28 Jindul the Sneak (level 3, 24/27 HPs)
             Began as a Demonspawn Assassin on Nov 27, 2019.
             Quit the game on level 1 of the Dungeon.
             The game lasted 00:03:25 (741 turns).

Jindul the Sneak (Demonspawn Assassin)               Turns: 741, Time: 00:03:25

Health: 24/27      AC:  3    Str: 12    XL:     3   Next: 0%
Magic:  3/3        EV: 12    Int: 12    God:
Gold:   29         SH:  0    Dex: 14    Spells: 2/2 levels left

rFire    . . .     SeeInvis .   a - +2 dagger
rCold    . . .     Gourm    .   (no shield)
rNeg     . . .     Faith    .   b - +0 robe
rPois    .         Spirit   .   (helmet restricted)
rElec    .         Reflect  .   c - +0 cloak
rCorr    .         Harm     .   (no gloves)
MR       .....                  (no boots)
Stlth    ++........             (no amulet)
HPRegen  0.09/turn              (no ring)
MPRegen  0.08/turn              (no ring)

@: no status effects
A: antennae 1, hooves 1
a: no special abilities


You were on level 1 of the Dungeon.
You were not hungry.

You visited 1 branch of the dungeon, and saw 1 of its levels.

You collected 29 gold pieces.

Inventory:

Hand Weapons
 a - a +2 dagger (weapon)
Missiles
 d - 8 poisoned darts (quivered)
 e - 2 curare-tipped darts
Armour
 b - a +0 robe (worn)
 c - a +0 cloak (worn)
Scrolls
 g - a scroll of identify {unknown}
Comestibles
 f - 3 rations


   Skills:
 + Level 2.2 Fighting
 + Level 2.2 Short Blades
 + Level 2.1 Throwing
 + Level 1.3 Dodging
 + Level 3.8 Stealth
 + Level 0.2 Unarmed Combat


You had 2 spell levels left.
You didn't know any spells.
Your spell library was empty.

Dungeon Overview and Level Annotations

Branches:
Dungeon (1/15)

Altars:


Innate Abilities, Weirdness & Mutations

You have a pair of small antennae on your head.
You have large cloven feet.


Message History

You hit the goblin but do no damage. The goblin closely misses you.
A hobgoblin comes into view. It is wielding a +0 club.
You closely miss the goblin. Your kick misses the goblin.
The goblin barely misses you.
You hit the goblin. Your kick misses the goblin.
The goblin is heavily wounded.
The goblin hits you with a +0 dagger.
You hit the goblin.
You kill the goblin!
You barely miss the hobgoblin. The hobgoblin closely misses you.
You hit the hobgoblin. Your kick misses the hobgoblin.
The hobgoblin is almost dead.
You hit the hobgoblin.
You kill the hobgoblin!
You have reached level 3!
Your experience leads to an increase in your attributes!
Increase (S)trength, (I)ntelligence, or (D)exterity?
You feel stronger.
Your demonic ancestry asserts itself...
A pair of antennae grows on your head!
Are you sure you want to abandon this character and quit the game? (Confirm with "yes".)

#.# #...#####.#
#.# #...# #.#
#.# #...# #.#
#.# #...# #.#
#.# #...# #.#
#.# #...### .#
#.# #.....
#.###########..#
#..........@)..#
##############.#


There were no monsters in sight!

Vanquished Creatures
  A leopard gecko (D:1)
  2 giant cockroaches (D:1)
  8 goblins (D:1)
  3 hobgoblins (D:1)
  2 kobolds (D:1)
  A ball python (D:1)
  2 bats (D:1)
  4 rats (D:1)
23 creatures vanquished.

Notes
Turn   | Place    | Note
-------+----------+-------------------------------------------
     0 | D:1      | Jindul the Demonspawn Assassin began the quest for the Orb.
     0 | D:1      | Reached XP level 1. HP: 16/16 MP: 1/1
    36 | D:1      | Reached skill level 1 in Dodging
    92 | D:1      | Gained mutation: You have large cloven feet. [demonic
                  | ancestry]
    92 | D:1      | Reached XP level 2. HP: 15/22 MP: 2/2
   740 | D:1      | Gained mutation: You have a pair of small antennae on your
                  | head. [demonic ancestry]
   740 | D:1      | Reached XP level 3. HP: 24/27 MP: 3/3
   741 | D:1      | Quit the game

Levels and vault maps discovered:
D:1:      dpeg_arrival_lava_temple_mockup, layout_basic, nrook_campfire

Skill      XL: |  1  2 |
---------------+-------+-----
Dodging        | 1 |  1.3
Short Blades   | 2 |  2.2
Throwing       | 2 |  2.1
Fighting       | |  2.2
Stealth        | |  3.8
Unarmed Combat | |  0.2

Action                   || total
-------------------------++-------
Melee: Dagger            ||    54
       Kick              ||     3
 Stab: Sleeping          ||     6
Armor: Robe              ||    10
Dodge: Dodged            ||    27

Table legend:
 A = Non-vault XP
 B = Vault XP
 C = Vault XP percentage of total XP
 D = Non-vault monster count
 E = Vault monster count
 F = Vault count percentage of total count
                 A         B        C        D         E       F
            +---------+---------+-------+---------+---------+-------
      Total |      41 |       0 |   0.0 |      23 |       0 |   0.0
            +---------+---------+-------+---------+---------+-------
        D:1 |      41 |       0 |   0.0 |      23 |       0 |   0.0
            +---------+---------+-------+---------+---------+-------
